 Dungeon Crawl Stone Soup version 0.27-a0-1431-gcffa5a9b16 (webtiles) character file.

Game seed: 7158235166383274267

4 juan097 the Conjurer (level 1, -1/9 HPs)
             Began as a Vine Stalker Conjurer on July 3, 2021.
             Killed from afar by a dart slug (3 damage)
             ... with a slug dart
             ... on level 1 of the Dungeon.
             The game lasted 00:00:32 (109 turns).

juan097 the Conjurer (Vine Stalker Conjurer)         Turns: 109, Time: 00:00:33

Health: -1/9       AC:  2    Str:  9    XL:     1   Next: 70%
Magic:  0/4        EV: 12    Int: 18    God:
Gold:   7          SH:  0    Dex: 12    Spells: 3/4 levels left

rFire    . . .     SeeInvis .   (no weapon)
rCold    . . .     Faith    .   (no shield)
rNeg     . . .     Spirit   +   a - +0 robe
rPois    .         Reflect  .   (no helmet)
rElec    .         Harm     .   (no cloak)
rCorr    .         Rampage  .   (no gloves)
Will     .....                  (no boots)
Stlth    ++........             (no amulet)
HPRegen  0.03/turn              (no ring)
MPRegen  0.09/turn              (no ring)

@: no status effects
A: fangs 2, magic shield, antimagic bite, no potion heal 2
a: no special abilities


You were on level 1 of the Dungeon.
You visited 1 branch of the dungeon, and saw 1 of its levels.

You collected 7 gold pieces.

Inventory:

Missiles
 b - 13 arrows
Armour
 a - a +0 robe (worn)


   Skills:
 - Level 1.5 Dodging
 - Level 2.4 Stealth
 + Level 2.4 Spellcasting
 + Level 4.1 Conjurations


You had 3 spell levels left.
You knew the following spells:

 Your Spells              Type           Power      Damage    Failure   Level
a - Magic Dart            Conj           68%        1d6       3%          1

Your spell library contained the following spells:

 Spells                   Type           Power      Damage    Failure   Level
 Searing Ray              Conj           34%        3d4       4%          2
 Dazzling Flash           Conj/Hex       18%        N/A       22%         3
 Fulminant Prism          Conj/Hex       4%         3d6       58%         4
 Iskenderun's Mystic Bla  Conj/Tloc      9%         2d4       58%         4


Dungeon Overview and Level Annotations

Branches:
Dungeon (1/15)

Altars:


Innate Abilities, Weirdness & Mutations

You have extremely sharp teeth.
When hurt, damage is shared between your health and your magic reserves.
Your bite disrupts and absorbs the magic of your enemies.
Potions cannot restore your health.


Message History

The magic dart hits the rat.
You kill the rat!
You can't see any susceptible monsters within range! (Use Z to cast anyway.)
Found 13 arrows.
A rat comes into view.
Found 5 gold pieces.
Found a stone staircase leading down.
The magic dart hits the rat.
You kill the rat!
You can't see any susceptible monsters within range! (Use Z to cast anyway.)
Found a stone staircase leading down.
Found 7 gold pieces.
You now have 7 gold pieces.
A kobold and a dart slug come into view.
The kobold shouts!
You hear an angry hiss.
A ball python comes into view.
You see here 13 arrows.
b - 13 arrows A bat comes into view.
The kobold falls through a shaft!
The shaft crumbles and collapses.
The bat hits you but does no damage.
The magic dart hits the bat.
You kill the bat!
The kobold throws a stone.
The stone hits you.
The magic dart hits the kobold but does no damage.
The magic dart hits the kobold.
The kobold is moderately wounded.
The kobold closely misses you.
The magic dart hits the kobold.
You kill the kobold!
The ball python bites you. The ball python closely misses you.
You are too depleted to draw on your mana recklessly!
You closely miss the ball python. Your bite misses the ball python.
The ball python bites you but does no damage.
The ball python misses you. The ball python bites you.
The ball python grabs you.
* * * LOW HITPOINT WARNING * * *
The ball python constricts you.
You escape the ball python's grasp.
The dart slug launches a dart at you. The slug dart hits you.
You die...

## .## ##### ...#
#...##...## #..........
#..$.......
#########.........
#.....w)...##...#. #
#@#.#####..# .# #. #.#†#
#...# ..###.###.#.#
#>.># ..........#.#
#.#.#
.##......#.#####....
#...#...........$.°
#########....#######.##.
................. ##
.....###'###.....


You could see a dart slug.

Vanquished Creatures
  2 ball pythons (D:1)
  A bat (D:1)
  A kobold (D:1)
  2 rats (D:1)
6 creatures vanquished.

Notes
Turn   | Place    | Note
-------+----------+-------------------------------------------
     0 | D:1      | juan097 the Vine Stalker Conjurer began the quest for the
                  | Orb.
     0 | D:1      | Reached XP level 1. HP: 9/9 MP: 4/4
   109 | D:1      | Killed from afar by a dart slug

Illustrated notes

Levels and vault maps discovered:
D:1:      nicolae_arrival_somewhat_less_tricky_arrival, layout_loops_ring,
          chequers_ecumenical_altar_island, grunt_decor_resistance,
          minmay_pentomino_u2

Action                   || total
-------------------------++-------
Melee: Unarmed           ||     1
 Cast: Magic Dart        ||     9
Armor: Robe              ||     2
Dodge: Dodged            ||     3

Table legend: (Time is in decaauts)
 A = Elapsed time spent in this place.
 B = Non-inter-level travel time spent in this place.
 C = Inter-level travel time spent in this place.
 D = Time resting spent in this place.
 E = Time spent auto-exploring this place.
 F = Levels seen in this place.
 G = Mean time per level.
                   A        B        C        D        E       F      G
               +--------+--------+--------+--------+--------+-----+--------+
         Total |    109 |    109 |      0 |      0 |     82 |   1 |  109.0 |
       Dungeon |    109 |    109 |      0 |      0 |     82 |   1 |  109.0 |
               +--------+--------+--------+--------+--------+-----+--------+

Top non-repeatable levels by time:
     D:1: 109 daAuts
